 Dungeon Sprint DCSS version 0.21.1-1-g345015f (webtiles) character file.

4400000 Fang the Axe Maniac (level 24, -89/249 HPs)
             Began as a Minotaur Gladiator on May 8, 2018.
             Was the Champion of Makhleb.
             Annihilated by a destroyer
             ... wielding a +9 great sword of slicing
              (209 damage)
             ... in the Dungeon (Sprint VIII: "Arena of Blood").
             The game lasted 00:00:59 (44 turns).

Fang the Axe Maniac (Minotaur Gladiator)              Turns: 44, Time: 00:01:00

Health: -89/249    AC:  6    Str: 29    XL:     24   Next: 38%
Magic:  21/53      EV: 31    Int:  5    God:    Makhleb [******]
Gold:   0          SH:  0    Dex: 14    Spells: 77/77 levels left

rFire    . . .     SeeInvis .   l - +∞ Axe of Woe
rCold    . . .     Gourm    .   (shield currently unavailable)
rNeg     . . .     Faith    .   b - +0 leather armour
rPois    .         Spirit   .   c - +0 hat
rElec    .         Reflect  .   (no cloak)
rCorr    .         Harm     .   (no gloves)
MR       +....     NoTele   +   (no boots)
Stlth    +++++++++.             (no amulet)
HPRegen  0.51/turn              (no ring)
MPRegen  0.33/turn              (no ring)

@: no status effects
A: retaliatory headbutt, horns 2
a: Minor Destruction, Lesser Servant of Makhleb, Major Destruction, Greater
Servant of Makhleb, Renounce Religion


You were in the Dungeon.
You worshipped Makhleb.
Makhleb was exalted by your worship.
You were not hungry.

You visited 1 branch

Inventory:

Hand Weapons
 a - a +0 war axe
 l - the +∞ Axe of Woe (weapon)
   (You found it in the Dungeon)
Missiles
 d - 3 throwing nets (quivered)
Armour
 b - a +0 leather armour (worn)
 c - a +0 hat (worn)
Scrolls
 k - a scroll of blinking
Potions
 e - a potion of curing
 g - a potion of heal wounds
 h - a potion of haste
 i - 2 potions of magic
 j - a potion of berserk rage
Comestibles
 f - a ration


   Skills:
 O Level 27 Fighting
 O Level 27 Axes
 O Level 27 Throwing
 O Level 27 Armour
 O Level 27 Dodging
 O Level 27 Stealth
 O Level 27 Unarmed Combat
 O Level 27 Spellcasting
 O Level 27 Invocations


You had 77 spell levels left.
You didn't know any spells.

Dungeon Overview and Level Annotations

Branches:
Dungeon (1/1)

Altars:
Makhleb


Innate Abilities, Weirdness & Mutations

You reflexively headbutt those who attack you in melee.
You have a pair of horns on your head.


Message History

You slice the sculptor of flesh!!
You cleave the sculptor of flesh in twain.
You destroy the sculptor of flesh!
Makhleb accepts your kill.
You feel better.
The eight-headed meat hydra calls on the powers of darkness!
The eight-headed meat hydra convulses!
Your body is wracked with pain!
The meat berserker convulses!
The bag of meat convulses!
The large bag of meat convulses!
The bag of meat convulses! x2
The large bag of meat convulses!
The bag of meat convulses! x3
Two crawling corpses merge to form a small abomination.
You hear a shout! x2
An ogre and a vampire knight come into view.
The destroyer is wielding a +9 great sword of slicing.
You hear a shout! x2
The meat berserker is engulfed in blazing flames.
You hear a shout! x4
The destroyer hits you with a +9 great sword of slicing!!!!!
Ouch! That really hurt!
You die...

.... ..........
...... .V.o.....
....... ....O....
#..o... #o......#
...#o.. #Oo.z...#
#..O..x###..x....###.
......§§§)oO###......
....#.§§O)@xo_......
#...).§)#Vx...#V.
..........#_.<._#
..#......D#..x..#
....#.......O_......
...V........###......
.......###.... ..###.
. ..... #.......#
...... #..... .#


You could see an eight-headed meat hydra, 4 destroyers, a sculptor of flesh, 3
large bags of meat, 3 meat berserkers, 2 small abominations, 7 bags of meat and
3 crawling corpses.

Vanquished Creatures
  4 vampire knights (D)
  11 ogres (D)
  A two-headed ogre (D)
  24 orcs (D)
  A skeletal warrior (D)
  2 large abominations (D)
  3 small abominations (D)
  A crawling corpse (D)
47 creatures vanquished.

Notes
Turn   | Place    | Note
-------+----------+-------------------------------------------
     0 | D        | Found the +∞ Axe of Woe
     0 | D        | Fang the Minotaur Gladiator began the quest for the Orb.
     0 | D        | Reached XP level 1. HP: 18/18 MP: 0/0
     4 | D        | Became a worshipper of Makhleb the Destroyer
     5 | D        | Noticed a bag of meat
     6 | D        | Noticed a bag of meat
     6 | D        | Noticed a bag of meat
     6 | D        | Noticed a bag of meat
     6 | D        | Noticed a bag of meat
     7 | D        | Noticed a bag of meat
     7 | D        | Noticed a bag of meat
     7 | D        | Noticed a meat berserker
     8 | D        | Noticed a bag of meat
     9 | D        | Noticed a bag of meat
     9 | D        | Killed a bag of meat
     9 | D        | Reached XP level 2. HP: 41/41 MP: 1/1
     9 | D        | Reached XP level 3. HP: 48/48 MP: 2/2
     9 | D        | Reached XP level 4. HP: 56/56 MP: 3/3
     9 | D        | Reached XP level 5. HP: 62/62 MP: 4/4
     9 | D        | Reached XP level 6. HP: 70/70 MP: 5/5
     9 | D        | Reached XP level 7. HP: 77/77 MP: 6/6
     9 | D        | Reached XP level 8. HP: 83/83 MP: 7/7
     9 | D        | Reached XP level 9. HP: 90/90 MP: 8/8
     9 | D        | Reached XP level 10. HP: 97/97 MP: 9/9
     9 | D        | Reached XP level 11. HP: 104/104 MP: 10/10
    10 | D        | Noticed a bag of meat
    10 | D        | Killed a bag of meat
    10 | D        | Reached * piety under Makhleb
    10 | D        | Reached XP level 12. HP: 115/115 MP: 11/11
    10 | D        | Killed a bag of meat
    10 | D        | Reached XP level 13. HP: 125/125 MP: 12/12
    10 | D        | Killed a bag of meat
    10 | D        | Reached skill level 15 in Fighting
    10 | D        | Reached skill level 27 in Axes
    10 | D        | Reached XP level 14. HP: 136/136 MP: 13/13
    10 | D        | Killed a meat berserker
    10 | D        | Reached ** piety under Makhleb
    10 | D        | Reached skill level 27 in Dodging
    10 | D        | Reached XP level 15. HP: 155/155 MP: 14/14
    14 | D        | Reached *** piety under Makhleb
    14 | D        | Reached XP level 16. HP: 159/182 MP: 15/15
    15 | D        | Noticed a meat berserker
    15 | D        | Reached skill level 27 in Fighting
    16 | D        | Noticed a meat berserker
    16 | D        | Reached skill level 27 in Throwing
    17 | D        | Noticed a meat berserker
    17 | D        | Noticed a meat berserker
    18 | D        | Reached **** piety under Makhleb
    18 | D        | Reached XP level 17. HP: 191/191 MP: 15/22
    19 | D        | Killed a meat berserker
    19 | D        | Reached skill level 10 in Stealth
    21 | D        | Noticed a meat berserker
    21 | D        | Killed a meat berserker
    21 | D        | Reached skill level 15 in Unarmed Combat
    21 | D        | Reached skill level 10 in Spellcasting
    21 | D        | Reached XP level 18. HP: 141/200 MP: 15/31
    22 | D        | Killed a meat berserker
    22 | D        | Reached skill level 15 in Stealth
    22 | D        | Killed a meat berserker
    22 | D        | Reached ***** piety under Makhleb
    22 | D        | Reached XP level 19. HP: 207/207 MP: 15/36
    23 | D        | Noticed a large bag of meat
    23 | D        | Reached skill level 15 in Spellcasting
    24 | D        | Noticed a destroyer
    25 | D        | Noticed a meat berserker
    26 | D        | Noticed a meat berserker
    26 | D        | Killed a destroyer
    26 | D        | Reached XP level 20. HP: 216/216 MP: 16/40
    27 | D        | Noticed a meat berserker
    27 | D        | Noticed a destroyer
    28 | D        | Killed a meat berserker
    28 | D        | Reached skill level 27 in Armour
    29 | D        | Killed a meat berserker
    29 | D        | Reached skill level 27 in Unarmed Combat
    29 | D        | Noticed a destroyer
    31 | D        | Killed a large bag of meat
    31 | D        | Reached skill level 27 in Invocations
    31 | D        | Reached XP level 21. HP: 187/224 MP: 17/45
    31 | D        | Reached ****** piety under Makhleb
    31 | D        | Reached skill level 27 in Stealth
    33 | D        | Noticed a destroyer
    33 | D        | Noticed a large bag of meat
    34 | D        | Killed a destroyer
    34 | D        | Reached skill level 27 in Spellcasting
    34 | D        | Reached XP level 22. HP: 233/233 MP: 18/52
    36 | D        | Killed a destroyer
    36 | D        | Killed a destroyer
    36 | D        | Reached XP level 23. HP: 223/240 MP: 18/53
    37 | D        | Noticed a large bag of meat
    40 | D        | Reached XP level 24. HP: 249/249 MP: 19/53
    41 | D        | Noticed a large bag of meat
    41 | D        | Noticed a destroyer
    43 | D        | Noticed a destroyer
    44 | D        | Noticed a destroyer
    44 | D        | Annihilated by a destroyer

Skill      XL: |  1  2  3  4  5  6  7  8  9 10 11 12 13 14 15 16 17 18 19 20 21 |
---------------+----------------------------------------------------------------+-----
Fighting       | 12 13 14 15 19 26 27 | 27.0
Axes           | 20 23 25 27 | 27.0
Throwing       | 9 11 12 13 16 21 27 | 27.0
Dodging        | 18 21 23 24 27 | 27.0
Armour         | 8 16 22 25 27 | 27.0
Stealth        | 6 13 18 21 26 27 | 27.0
Unarmed Combat | 7 15 20 24 27 | 27.0
Spellcasting   | 4 10 14 17 21 27 | 27.0
Invocations    | 6 14 19 22 27 | 27.0

Action                   |  1- 3 |  4- 6 |  7- 9 | 10-12 | 13-15 | 16-18 | 19-21 | 22-24 || total
-------------------------+-------+-------+-------+-------+-------+-------+-------+-------++-------
Melee: Executioner's axe |     1 |       |       |     1 |     2 |     6 |     8 |     7 ||    25
Armor: Leather armour    |       |       |       |       |       |       |       |     1 ||     1
Dodge: Dodged            |       |       |       |       |       |     1 |     2 |       ||     3
